 Dungeon Crawl Stone Soup version 0.27-a0-1186-g8b4daa1eef (webtiles) character file.

Game seed: 5702569843950838675

11509 leviel the Severer (level 11, -6/101 HPs)
             Began as a Minotaur Fighter on May 19, 2021.
             Was an Elder of Okawaru.
             Mangled by an unseen horror (9 damage)
             ... on level 12 of the Dungeon.
             The game lasted 00:14:30 (13997 turns).

leviel the Severer (Minotaur Fighter)              Turns: 13997, Time: 00:14:31

Health: -6/101     AC: 14    Str: 24    XL:     11   Next: 50%
Magic:  10/10      EV:  3    Int:  5    God:    Okawaru [****..]
Gold:   306        SH: 18    Dex: 10    Spells: 10/10 levels left

rFire    . . .     SeeInvis .   c - +2 war axe (venom)
rCold    . . .     Faith    .   f - +0 tower shield
rNeg     . . .     Spirit   .   x - +0 plate armour
rPois    .         Reflect  .   (helmet restricted)
rElec    .         Harm     .   (no cloak)
rCorr    .         Rampage  .   k - +1 pair of gloves
Will     .....                  i - +0 pair of boots
Stlth    ..........             (no amulet)
HPRegen  0.26/turn              (no ring)
MPRegen  0.12/turn              (no ring)

@: no status effects
A: horns 2, retaliatory headbutt
a: Renounce Religion, Heroism


You were on level 12 of the Dungeon.
You worshipped Okawaru.
Okawaru was greatly pleased with you.
You visited 2 branches of the dungeon, and saw 13 of its levels.
You also visited: Sewer.

You collected 516 gold pieces.
You spent 210 gold pieces at shops.

Inventory:

Hand Weapons
 a - a +1 vorpal war axe
 c - a +2 war axe of venom (weapon)
Missiles
 b - a throwing net
 A - 6 atropa-tipped darts (quivered)
Armour
 f - a +0 tower shield (worn)
 i - a +0 pair of boots (worn)
 k - a +1 pair of gloves (worn)
 x - a +0 plate armour (worn)
Wands
 g - a wand of mindburst (42)
 u - a wand of acid (8)
 v - a wand of flame (22)
 w - a wand of paralysis (15)
 y - a wand of digging (3)
 B - a wand of iceblast (17)
Scrolls
 d - 2 scrolls of fear
 j - a scroll of fog
 t - 5 scrolls of identify {@r1}
 z - 3 scrolls of magic mapping
 D - a scroll of teleportation
Potions
 e - 3 potions of heal wounds
 h - a potion of attraction
 l - 3 potions of flight
 m - a potion of lignification {unknown}
 n - 2 potions of might
 o - 3 potions of mutation {unknown}
 p - a potion of cancellation
 q - a potion of invisibility
 r - 2 potions of haste
 s - 5 potions of curing
 C - a potion of brilliance {unknown}


   Skills:
 + Level 10.9 Fighting
 - Level 16.0 Axes
 - Level 3.6 Armour
 + Level 10.2 Shields


You had 10 spell levels left.
You didn't know any spells.
Your spell library contained the following spells:

 Spells                   Type           Power      Damage    Failure   Level
 Magic Dart               Conj           0%         1d3       100%        1
 Summon Small Mammal      Summ           0%         N/A       100%        1
 Call Imp                 Summ           0%         N/A       100%        2
 Searing Ray              Conj           0%         3d3       100%        2
 Call Canine Familiar     Summ           0%         N/A       100%        3
 Dazzling Flash           Conj/Hex       0%         N/A       100%        3
 Summon Guardian Golem    Hex/Summ       0%         N/A       100%        3
 Fulminant Prism          Conj/Hex       0%         3d6       100%        4
 Iskenderun's Mystic Bla  Conj/Tloc      0%         2d3       100%        4
 Summon Ice Beast         Ice/Summ       0%         N/A       100%        4
 Summon Lightning Spire   Summ/Air       0%         N/A       100%        4
 Bolt of Magma            Conj/Fire/Erth 0%         4d4       100%        5
 Iskenderun's Battlesphe  Conj           0%         2d6       100%        5
 Iron Shot                Conj/Erth      0%         9d1       100%        6
 Orb of Destruction       Conj           0%         N/A       100%        7
 Spellforged Servitor     Conj/Summ      0%         N/A       100%        7


Dungeon Overview and Level Annotations

Branches:
Dungeon (11/15)            Temple (1/1) D:7             Orc (0/2) D:12
  Sewer (visited)
   Lair: D:8-11

Altars:
Ashenzari
Cheibriados
Dithmenos
Elyvilon
Fedhas
Gozag
Hepliaklqana
Kikubaaqudgha
Makhleb
Nemelex Xobeh
Okawaru
Qazlal
Ru
Sif Muna
Trog
Uskayaw
Vehumet
Wu Jian
Xom
Yredelemnul
Zin
The Shining One

Shops:
D:5 !   D:7 *   D:12 [


Innate Abilities, Weirdness & Mutations

You have a pair of horns on your head.
You reflexively headbutt those who attack you in melee.


Message History

Something hits you but does no damage. You block the slime creature's attack.
The slime creature hits you!
You hit the slime creature.
The slime creature is moderately wounded.
You slash the very large slime creature!
The very large slime creature looks as sick as possible!
You slash the slime creature!
The slime creature looks as sick as possible!
You slash the orc!
You kill the orc!
Okawaru accepts your kill.
You miss something. Something hits you.
The orc grunts noisily.
You block the slime creature's attack. Something hits you.
The very large slime creature hits you!!
The slime creature hits you but does no damage.
You slice the slime creature!!
The slime creature is poisoned.
The slime creature is severely wounded.
You hit the very large slime creature but do no damage.
You slash the slime creature! You slash something! You slash the orc!
You kill the orc!
Okawaru accepts your kill. Something hits you but does no damage.
The slime creature hits you!
The very large slime creature hits you!!
* * * LOW HITPOINT WARNING * * *
You are too injured to fight recklessly!
The slime creature hits you.
* * * LOW HITPOINT WARNING * * *
Two slime creatures merge to form a large slime creature.
You block the orc's attack.
A very large slime creature splits.
You block something's attack. Something hits you but does no damage.
You block something's attack. Something hits you but does no damage.
You block something's attack.
Found 19 gold pieces.
Something hits you.
* * * LOW HITPOINT WARNING * * *
Something hits you but does no damage. You block something's attack.
Something hits you!
You die...

#. .. #. .$..
#.#.#.##
......##.
........ #.....#
###.######.....#
.......@{.o....#
.##.######J....#
[....#J....#
......J....#
?......o...#
...........#
...........#
#+##.......#
#....)..#


You could see a slime creature (very poisoned) and an orc.

Vanquished Creatures
  Harold (D:10)
  2 two-headed ogres (D:11)
  Pikel (D:7)
  An ugly thing (D:11)
  A salamander (shapeshifter) (D:10)
  A manticore (D:11)
  Joseph (D:8)
  An unseen horror (D:11)
  A komodo dragon (D:6)
  A troll (D:11)
  A slime creature (D:12)
  2 shadows
  8 yaks
  A steam dragon (D:8)
  Edmund (D:5)
  2 water moccasins
  7 orc warriors
  Purgy (Sewer)
  3 ice beasts
  An ogre (D:6)
  2 necrophages
  5 centaurs
  3 lemures (D:7)
  3 bullfrogs
  Blork the orc (D:5)
  4 scorpions
  A water moccasin zombie (D:5)
  A water moccasin skeleton (D:5)
  13 killer bees
  20 wights
  4 howler monkeys
  A centaur zombie (D:8)
  A bullfrog zombie (D:5)
  2 jellies
  8 orc priests
  2 gnoll shamans
  2 bullfrog skeletons
  Natasha (thrice) (D:3)
  2 iguanas
  6 orc wizards
  6 gnolls
  12 adders
  A shadow imp (D:7)
  A white imp (D:5)
  2 worms (D:4)
  2 dart slugs
  36 orcs
  16 bats
  8 endoplasms
  4 giant cockroaches
  6 goblins
  8 hobgoblins
  13 jackals
  A quokka (D:2)
  8 ball pythons
  3 frilled lizards (D:1)
  6 kobolds
  4 rats
259 creatures vanquished.

Vanquished Creatures (others)
  11 fungi (D:5)
  3 plants (D:7)
14 creatures vanquished.

Grand Total: 273 creatures vanquished

Notes
Turn   | Place    | Note
-------+----------+-------------------------------------------
     0 | D:1      | leviel the Minotaur Fighter began the quest for the Orb.
     0 | D:1      | Reached XP level 1. HP: 19/19 MP: 0/0
    18 | D:1      | Reached skill level 3 in Axes
    67 | D:1      | Reached XP level 2. HP: 26/26 MP: 1/1
   614 | D:1      | Reached skill level 4 in Axes
   842 | D:1      | Reached XP level 3. HP: 28/31 MP: 2/2
  1347 | D:2      | Reached skill level 5 in Axes
  1484 | D:2      | Reached XP level 4. HP: 30/39 MP: 3/3
  1658 | D:2      | Found a faded altar of an unknown god.
  1883 | D:3      | Noticed Natasha
  1886 | D:3      | Killed Natasha
  1887 | D:3      | Reached skill level 6 in Axes
  2014 | D:3      | Reached XP level 5. HP: 9/45 MP: 4/4
  2137 | D:3      | Noticed Natasha
  2144 | D:3      | Killed Natasha
  2145 | D:3      | Reached skill level 7 in Axes
  2157 | D:3      | Noticed an ice beast
  2163 | D:3      | Killed an ice beast
  2164 | D:3      | Reached XP level 6. HP: 9/51 MP: 5/5
  2390 | D:3      | Noticed Natasha
  2396 | D:3      | Killed Natasha
  2397 | D:3      | Reached skill level 8 in Axes
  2723 | D:3      | Found a white marble altar of Elyvilon.
  3347 | D:4      | Reached skill level 9 in Axes
  3588 | D:4      | Reached XP level 7. HP: 57/57 MP: 6/6
  3736 | D:4      | Found a glowing drain.
  3768 | Sewer    | Entered a sewer
  3914 | Sewer    | Noticed Purgy
  3923 | Sewer    | Killed Purgy
  4070 | D:4      | Found a shadowy altar of Dithmenos.
  4227 | D:5      | Entered Level 5 of the Dungeon
  4283 | D:5      | Noticed Edmund
  4292 | D:5      | Killed Edmund
  4293 | D:5      | Reached skill level 10 in Axes
  4408 | D:5      | Noticed Blork the orc
  4422 | D:5      | Killed Blork the orc
  4734 | D:5      | Reached skill level 11 in Axes
  4872 | D:5      | Reached XP level 8. HP: 54/64 MP: 7/7
  4951 | D:5      | Found the +7 Singing Sword {vorpal, sonic wave}
  5631 | D:5      | Found a shimmering altar of Xom.
  5800 | D:5      | Found Baenkium's Distillery.
  5828 | D:5      | Bought a potion of degeneration for 15 gold pieces
  5828 | D:5      | Bought a potion of haste for 150 gold pieces
  5828 | D:5      | Bought a potion of curing for 45 gold pieces
  5860 | D:5      | Reached skill level 12 in Axes
  6509 | D:6      | Noticed a komodo dragon
  6521 | D:6      | Killed a komodo dragon
  6522 | D:6      | Reached skill level 13 in Axes
  6539 | D:6      | Reached XP level 9. HP: 9/70 MP: 8/8
  7124 | D:6      | Reached skill level 14 in Axes
  7267 | D:6      | Found a sacrificial altar of Ru.
  7784 | D:7      | Found Zeatz's Serpentskin Sales.
  8080 | D:7      | Found a staircase to the Ecumenical Temple.
  8109 | D:7      | Reached skill level 15 in Axes
  8121 | D:7      | Noticed Pikel
  8142 | D:7      | Killed Pikel
  8438 | Temple   | Entered the Ecumenical Temple
  8511 | Temple   | Became a worshipper of Warmaster Okawaru
  8538 | D:8      | Reached skill level 16 in Axes
  8907 | D:8      | Reached XP level 10. HP: 72/79 MP: 9/9
  9024 | D:8      | Reached skill level 5 in Fighting
  9558 | D:8      | Reached * piety under Okawaru
  9575 | D:8      | Reached skill level 5 in Shields
 10067 | D:8      | Noticed Joseph
 10080 | D:8      | Killed Joseph
 10732 | D:9      | Reached ** piety under Okawaru
 11489 | D:9      | Found a bloodstained altar of Trog.
 11489 | D:9      | Found a sparkling altar of Nemelex Xobeh.
 12357 | D:10     | Entered Level 10 of the Dungeon
 12369 | D:10     | Noticed Harold
 12383 | D:10     | Killed Harold
 12428 | D:10     | Reached XP level 11. HP: 78/97 MP: 10/10
 13012 | D:10     | Found an ornate altar of the Wu Jian Council.
 13223 | D:11     | Noticed a two-headed ogre
 13229 | D:11     | Killed a two-headed ogre
 13229 | D:11     | Reached *** piety under Okawaru
 13230 | D:11     | Reached skill level 10 in Fighting
 13322 | D:11     | Noticed a two-headed ogre
 13330 | D:11     | Killed a two-headed ogre
 13402 | D:11     | Noticed a cyan ugly thing
 13411 | D:11     | Killed a cyan ugly thing
 13425 | D:11     | Reached **** piety under Okawaru
 13426 | D:11     | Reached skill level 10 in Shields
 13979 | D:11     | You fall into a shaft and drop 1 floor!
 13979 | D:12     | Found a staircase to the Orcish Mines.
 13980 | D:12     | Found Luisiuk's Armour Boutique.
 13995 | D:12     | HP: 3/101 [something (6)]
 13997 | D:12     | Mangled by an unseen horror

Illustrated notes

Levels and vault maps discovered:
D:1:      doesnt_arrival_eight_statues, layout_loops_corners,
          grunt_decor_clamped, minmay_misc_feat_enclosed, minmay_heptomino_w4
D:2:      layout_rooms, basic_ecumenical_altar, minmay_statues_item
D:3:      layout_loops_corners, elyvilon_altar_1, uniq_natasha
D:4:      layout_rooms, kennysheep_mini, cheibrodos_sewer_entry_bend,
          st_stairs_7
D:5:      old_forge, layout_basic, kennysheep_little_box, serial_shops, shop,
          uniq_edmund, uniq_blork_the_orc
D:6:      layout_basic, overflow_temple_1_default
D:7:      layout_basic, minmay_temple_entry_overgrown, guppyfry_shop_venom,
          uniq_pikel
D:8:      layout_loops_ring, kennysheep_generic_room_6, uniq_joseph
D:9:      layout_stronghold, gammafunk_temple_overflow_statue
D:10:     layout_cave_pools, nicolae_overflow_crystal_walls, uniq_harold
D:11:     layout_stronghold, erik_lair_island
D:12:     layout_basic, orc_david_3, serial_shops, nicolae_shop_crystal
Temple:   eino_wide_crystal_templ

Skill      XL: |  1  2  3  4  5  6  7  8  9 10 11 |
---------------+----------------------------------+-----
Axes           | 3 4 5 6 7 9 11 13 16 | 16.0
Fighting       | 4 9 10 | 10.9
Shields        | 8 10 | 10.2
Armour         | |  3.6

Action                   |  1- 3 |  4- 6 |  7- 9 | 10-12 || total
-------------------------+-------+-------+-------+-------++-------
Melee: War axe           |    76 |    87 |   300 |   239 ||   702
       Headbutt          |    13 |    15 |    40 |    46 ||   114
Throw: Throwing net      |       |       |     1 |       ||     1
Invok: Heroism           |       |       |       |     3 ||     3
  Use: Potion            |       |     5 |     1 |     1 ||     7
       Scroll            |       |       |    10 |     4 ||    14
Armor: Scale mail        |    39 |    40 |   109 |    42 ||   230
       Plate armour      |       |       |       |    55 ||    55
Dodge: Dodged            |    33 |    31 |    60 |    37 ||   161
Block: Kite shield       |    54 |    50 |   118 |     9 ||   231
       Tower shield      |       |       |       |   200 ||   200

Table legend: (Time is in decaauts)
 A = Elapsed time spent in this place.
 B = Non-inter-level travel time spent in this place.
 C = Inter-level travel time spent in this place.
 D = Time resting spent in this place.
 E = Time spent auto-exploring this place.
 F = Levels seen in this place.
 G = Mean time per level.
                   A        B        C        D        E       F      G
               +--------+--------+--------+--------+--------+-----+--------+
         Total |  14126 |  13741 |    385 |   3546 |   8652 |  14 | 1009.0 |
       Dungeon |  13777 |  13423 |    354 |   3546 |   8374 |  12 | 1148.1 |
        Temple |     81 |     51 |     30 |      0 |     50 |   1 |   81.0 |
         Sewer |    267 |    267 |      0 |      0 |    227 |   1 |  267.0 |
               +--------+--------+--------+--------+--------+-----+--------+

Top non-repeatable levels by time:
     D:8: 2203 daAuts
     D:5: 1982 daAuts
     D:9: 1634 daAuts
     D:3: 1430 daAuts
     D:6: 1394 daAuts
     D:1: 1367 daAuts
    D:10: 866 daAuts
     D:7: 860 daAuts
    D:11: 755 daAuts
     D:4: 719 daAuts
     D:2: 547 daAuts
   Sewer: 267 daAuts
  Temple: 81 daAuts
    D:12: 17 daAuts
